 Dungeon Crawl Stone Soup version 0.17.1-1-g73c8601 (webtiles) character file.

9531 Ivanskos the Fighter (level 11, -2/108 HPs)
             Began as a Deep Dwarf Fighter on Dec 28, 2015.
             Was an Elder of Makhleb.
             Slain by a warg (5 damage)
             ... led by an orc knight
             ... on level 1 of the Orcish Mines.
             The game lasted 00:55:00 (8715 turns).

Ivanskos the Fighter (Deep Dwarf Fighter)           Turns: 8715, Time: 00:55:01

Health: -2/108     AC: 13    Str: 26      XL:     11   Next: 24%
Magic:  6/6        EV: 13    Int: 14      God:    Makhleb [****..]
Gold:   34         SH:  7    Dex: 10 (12) Spells: 0 memorised, 10 levels left

rFire  x . .     SeeInvis .     G - +4 flail "Eghynt" {holy, *Noise rElec Str+2 Int+6}
rCold  + . .     Rnd*Rage +     b - +0 scale mail
rNeg   . . .     SustAt   .     a - +2 buckler
rPois  +         Gourm    .     L - +0 helmet
rElec  +         Spirit   .     c - +0 cloak
rCorr  +         Warding  .     S - +1 pair of gloves
rMut   .         Rnd*Tele +     v - +0 pair of boots
MR     +....                    D - amulet of resist corrosion
Stlth  ..........               B - ring of poison resistance
                                H - ring of ice

@: non-regenerating, somewhat resistant to hostile enchantments, extremely
unstealthy
A: damage resistance, recharge devices, slimy green scales 1, berserk 1,
deformed body, sense surroundings 2, slow regeneration 3, teleportitis 1
a: Device Recharging, Minor Destruction, Lesser Servant of Makhleb, Major
Destruction, Renounce Religion


You were on level 1 of the Orcish Mines.
You worshipped Makhleb.
Makhleb was greatly pleased with you.
You were not hungry.

You visited 3 branches of the dungeon, and saw 12 of its levels.
You also visited: Ossuary.

You collected 34 gold pieces.

Inventory:

Hand Weapons
 G - the +4 flail "Eghynt" (weapon) {holy, *Noise rElec Str+2 Int+6}
   (You found it on level 5 of the Dungeon)

   It has been blessed by the Shining One to cause great damage to the undead
   and demons.
   It affects your strength (+2).
   It affects your intelligence (+6).
   It insulates you from electricity.
   It may make noises in combat.
Armour
 a - a +2 buckler (worn)
 b - a +0 scale mail (worn)
 c - a +0 cloak (worn)
 v - a +0 pair of boots (worn)
 L - a +0 helmet (worn)
 S - a +1 pair of gloves (worn)
Jewellery
 n - an uncursed amulet of the gourmand
 y - an uncursed ring of invisibility
 B - a ring of poison resistance (right hand)
 C - an uncursed ring of stealth
 D - an amulet of resist corrosion (around neck)
 H - a ring of ice (left hand)
 K - an uncursed ring of flight
 N - an uncursed amulet of guardian spirit {unknown}
Wands
 e - a wand of heal wounds (2)
 g - a wand of heal wounds (2)
 j - a wand of teleportation (6)
 k - a wand of magic darts (26)
 l - a wand of flame (25)
 x - a wand of digging (6)
 T - a wand of digging (9)
Scrolls
 h - 5 scrolls of amnesia
 q - a scroll of noise
 r - a scroll of recharging
 t - 2 scrolls of teleportation
 u - 2 scrolls of immolation
 A - 2 scrolls of enchant weapon
 E - a scroll of fear
 F - 7 scrolls of remove curse
 M - a scroll of magic mapping
Potions
 d - 4 potions of might
 i - 2 potions of brilliance
 o - 5 potions of curing
 s - 2 potions of agility
 w - 3 potions of flight
 z - a potion of haste
Books
 J - a book of Callings

   Spells                             Type                      Level
   a - Summon Small Mammal            Summoning                    1
   b - Call Imp                       Summoning                    2
   c - Call Canine Familiar           Summoning                    3
   d - Summon Guardian Golem          Hexes/Summoning              3
   e - Summon Lightning Spire         Summoning/Air                4
   f - Summon Ice Beast               Ice/Summoning                4
 O - a Grand Grimoire

   Spells                             Type                      Level
   a - Monstrous Menagerie            Summoning                    6
   b - Summon Greater Demon           Summoning                    7
   c - Malign Gateway                 Summoning/Translocation      7
   d - Summon Horrible Things         Summoning                    8
Comestibles
 f - 11 bread rations
 m - 6 beef jerkies


   Skills:
 * Level 10.1 Fighting
 + Level 7.5 Maces & Flails
 + Level 8.6 Armour
 + Level 7.5 Dodging
 + Level 8.5 Shields


You had 10 spell levels left.
You didn't know any spells.

Dungeon Overview and Level Annotations

Branches:
Dungeon (10/15)            Temple (1/1) D:7            Lair (0/8) D:10
    Orc (1/4) D:9

Altars:
Ashenzari
Cheibriados
Dithmenos
Elyvilon
Fedhas
Gozag
Kikubaaqudgha
Makhleb
Nemelex Xobeh
Okawaru
Qazlal
Ru
Sif Muna
Trog
Vehumet
Xom
Yredelemnul
Zin
The Shining One
Beogh

Shops:
D:8 }

Annotations:
D:9 Maurice


Innate Abilities, Weirdness & Mutations

You are resistant to damage.
You can recharge devices by infusing magical energy.
You passively map the area around you.
You do not regenerate naturally.
You are partially covered in slimy green scales (AC +2).
You tend to lose your temper in combat.
Armour fits poorly on your strangely shaped body.
You are occasionally teleported next to monsters.


Message History

The orc knight is lightly wounded.
The warg misses you. The orc wizard closely misses you.
The orc hits you with a hand axe!
* * * LOW HITPOINT WARNING * * *
The orc priest closely misses you. The warg bites you but does no damage.
You block the orc knight's attack. The orc closely misses you.
You barely miss the orc knight.
The orc knight is lightly wounded.
The orc wizard hits you but does no damage.
You block the warg's attack. The orc hits you with a hand axe.
* * * LOW HITPOINT WARNING * * *
The orc priest invokes the aid of Beogh against you.
Pain shoots through your body!
* * * LOW HITPOINT WARNING * * *
You block the orc's attack.
Unknown command.
You sock the orc knight!
The orc knight is moderately wounded.
The warg bites you.
You die...

,.....# ##.##.## ##..#
...... ##.##...## #...#
......# #........###..#.
,.......###..#...# #...#.
.......$.#...#..###.....
*
.._....).........###....
,
......>....[.....###....
*
......oo##.).[....#....#
, *
,......o@o..........#....
.....#ho#..........#....
...........#............
*,, ,,
...........#...........#
,*,
#.............##.......#
* *
......#...^...##....#.##
,.#....#..#.#.####.#.####
, ,.#..#......## ##....##
, * ##....., #......#


You could see an orc knight, a warg, an orc priest (frenzied), an orc wizard
(frenzied) and 2 orcs.

Vanquished Creatures
  The ghost of srt19170 the Slinger, a novice MiBe of Trog (D:9)
  The ghost of futacatgirl the Spear-Bearer, a novice DsWn (D:10)
  An orc sorcerer (Orc:1)
  A manticore (D:7)
  The ghost of Clownie the Covert, a novice OpAs (D:6)
  A komodo dragon (D:10)
  The ghost of Clownie the Slicer, a novice OpAs (D:4)
  A wyvern (D:8)
  8 yaks
  A hippogriff (D:8)
  3 wargs (Orc:1)
  The ghost of Clownie the Covert, an amateur OpAs (D:3)
  A water moccasin (D:10)
  A black bear (D:8)
  4 orc warriors
  A necrophage (D:8)
  An ice beast (D:5)
  9 ogres
  5 centaurs
  A phantom (D:9)
  2 giant frogs
  A wyvern zombie (D:10)
  4 killer bees (D:9)
  12 wights
  4 hounds
  A crimson imp (D:9)
  A giant frog zombie (D:10)
  A jelly (D:8)
  A human zombie (Ossuary)
  4 centaur zombies
  4 orc priests (Orc:1)
  3 orc wizards
  Crazy Yiuf (D:6)
  A gnoll shaman (D:9)
  An iguana (D:10)
  Jessica (D:3)
  3 centaur skeletons
  9 worker ants
  A big kobold zombie (Ossuary)
  8 hound zombies
  3 mummies (Ossuary)
  2 hound skeletons (D:4)
  2 worker ant zombies
  Robin (D:4)
  12 adders
  10 gnolls
  2 shadow imps
  3 oozes
  4 adder zombies (Ossuary)
  3 adder skeletons
  2 worms
  57 orcs
  3 bats
  7 giant cockroaches
  14 goblins
  3 hobgoblins
  4 jackals (D:4)
  3 kobolds
  2 quokkas
  A ball python (D:2)
  A ball python skeleton (D:4)
  2 giant geckos
  4 giant newts
  A gnoll zombie (Ossuary)
  3 goblin zombies (Ossuary)
  2 hobgoblin zombies (Ossuary)
  2 jackal zombies (Ossuary)
  3 kobold zombies (Ossuary)
  A quokka skeleton (D:8)
  6 quokka zombies (Ossuary)
  10 rats
  4 rat zombies (Ossuary)
284 creatures vanquished.

Vanquished Creatures (others)
  5 plants (D:9)
5 creatures vanquished.

Grand Total: 289 creatures vanquished

Notes
Turn   | Place    | Note
--------------------------------------------------------------
     0 | D:1      | Ivanskos the Deep Dwarf Fighter began the quest for the Orb.
     0 | D:1      | Reached XP level 1. HP: 20/20 MP: 1/1
   120 | D:1      | Found a glowing golden altar of the Shining One.
   319 | D:1      | Reached XP level 2. HP: 26/28 MP: 2/2
  1368 | D:3      | Reached XP level 3. HP: 30/34 MP: 3/3
  1491 | D:3      | Reached XP level 4. HP: 20/44 MP: 4/4
  1567 | D:3      | Reached skill level 1 in Dodging
  1594 | D:3      | Noticed Jessica
  1615 | D:3      | Killed Jessica
  1650 | D:3      | Reached skill level 4 in Fighting
  1790 | D:3      | Reached XP level 5. HP: 40/50 MP: 5/5
  1869 | D:3      | Noticed Clownie's ghost (amateur OpAs)
  1896 | D:3      | Killed Clownie's ghost
  2018 | D:3      | Reached XP level 6. HP: 34/58 MP: 6/6
  2424 | D:4      | Noticed Clownie's ghost (novice OpAs)
  2445 | D:4      | Killed Clownie's ghost
  2445 | D:4      | Reached skill level 5 in Fighting
  2445 | D:4      | Reached XP level 7. HP: 58/67 MP: 7/7
  2475 | D:4      | Reached skill level 5 in Armour
  2587 | D:4      | Noticed Robin
  2613 | D:4      | Killed Robin
  2895 | D:5      | Entered Level 5 of the Dungeon
  2964 | D:5      | Reached skill level 5 in Shields
  2998 | D:5      | Got an ichor-stained flail
  2999 | D:5      | Identified the +4 flail "Eghynt" {holy, *Noise rElec Str+2 Int+6} (You found it on level 5 of the Dungeon)
  3120 | D:5      | Reached XP level 8. HP: 71/76 MP: 8/8
  3206 | D:5      | Found a sand-covered staircase.
  3214 | Ossuary  | Entered an ossuary
  3368 | Ossuary  | Reached skill level 6 in Fighting
  4316 | D:6      | Noticed Clownie's ghost (novice OpAs)
  4325 | D:6      | Killed Clownie's ghost
  4325 | D:6      | Reached skill level 7 in Fighting
  4325 | D:6      | Reached skill level 5 in Maces & Flails
  4325 | D:6      | Gained mutation: You passively map the area around you. [Deep Dwarf growth]
  4325 | D:6      | Reached XP level 9. HP: 76/86 MP: 9/9
  4429 | D:6      | Got a warped mace
  4430 | D:6      | Identified the +2 mace of Radicalism {elec, rPois rC- rN+ Stlth+} (You found it on level 6 of the Dungeon)
  4434 | D:6      | Noticed Crazy Yiuf
  4441 | D:6      | Killed Crazy Yiuf
  4682 | D:7      | Found a staircase to the Ecumenical Temple.
  4696 | Temple   | Entered the Ecumenical Temple
  4755 | Temple   | Became a worshipper of Makhleb the Destroyer
  4830 | D:7      | Noticed a manticore
  4843 | D:7      | HP: 4/86 [manticore (14)]
  4919 | D:7      | Reached skill level 5 in Dodging
  5022 | D:7      | Killed a manticore
  5067 | D:7      | Reached * piety under Makhleb
  5302 | D:7      | Found an ancient bone altar of Kikubaaqudgha.
  5446 | D:7      | Found a deep blue altar of Sif Muna.
  5979 | D:8      | Reached skill level 8 in Fighting
  5997 | D:8      | Found Vaokozen's Gadget Emporium.
  6058 | D:8      | Reached XP level 10. HP: 24/97 MP: 8/8
  6283 | D:8      | Reached ** piety under Makhleb
  6307 | D:8      | Found an opulent altar of Gozag.
  6666 | D:9      | Reached skill level 9 in Fighting
  6759 | D:9      | Found a bloodstained altar of Trog.
  6760 | D:9      | Found a staircase to the Orcish Mines.
  6895 | D:9      | Noticed srt19170's ghost (novice MiBe)
  6917 | D:9      | Killed srt19170's ghost
  6962 | D:9      | Noticed Maurice
  7099 | D:9      | Found a blossoming altar of Fedhas.
  7103 | D:9      | Found a white marble altar of Elyvilon.
  7108 | D:9      | Found a snail-covered altar of Cheibriados.
  7273 | D:10     | Entered Level 10 of the Dungeon
  7333 | D:10     | Noticed futacatgirl's ghost (novice DsWn)
  7344 | D:10     | Reached *** piety under Makhleb
  7351 | D:10     | Killed futacatgirl's ghost
  7356 | D:10     | Reached XP level 11. HP: 29/108 MP: 8/8
  7373 | D:10     | Gained mutation: You are partially covered in rugged brown scales (AC +1, +3% HP). [potion of mutation]
  7373 | D:10     | Gained mutation: You tend to lose your temper in combat. [potion of mutation]
  7373 | D:10     | Lost mutation: You are partially covered in rugged brown scales (AC +1, +3% HP). [potion of mutation]
  7374 | D:10     | Gained mutation: You are partially covered in slimy green scales (AC +2). [potion of mutation]
  7374 | D:10     | Gained mutation: Armour fits poorly on your strangely shaped body. [potion of mutation]
  7374 | D:10     | Gained mutation: You are occasionally teleported next to monsters. [potion of mutation]
  7489 | D:10     | Found a staircase to the Lair.
  8190 | Orc:1    | Entered Level 1 of the Orcish Mines
  8235 | Orc:1    | Reached skill level 10 in Fighting
  8319 | Orc:1    | Reached **** piety under Makhleb
  8447 | Orc:1    | Found a roughly hewn altar of Beogh.
  8713 | Orc:1    | HP: 5/108 [orc/hand axe[an orc knight] (5)]
  8715 | Orc:1    | Slain by a warg

Action                   |  1- 3 |  4- 6 |  7- 9 | 10-12 || total
-------------------------+-------+-------+-------+-------++-------
Melee: Flail             |   126 |   123 |   290 |   430 ||   969
       Mace              |       |    63 |    89 |       ||   152
 Abil: Device Recharging |       |       |     2 |     3 ||     5
Evoke: Wand              |       |     2 |    15 |    10 ||    27
  Use: Scroll            |       |     8 |     3 |    13 ||    24
       Potion            |       |       |       |    12 ||    12
  Eat: Fruit             |     1 |       |     1 |       ||     2
       Meat ration       |       |     1 |     2 |     1 ||     4
       Pizza             |       |       |     3 |       ||     3
       Beef jerky        |       |       |       |     2 ||     2
